 Dungeon Crawl Stone Soup version 0.31-a0-986-g5e6e4ef867 (webtiles) character file.

Game seed: 606589549297194111

611 DApurpleWHUMPUS the Magician (level 7, -10/39 HPs)
             Began as a Deep Elf Fire Elementalist on Nov 25, 2023.
             Killed from afar by a steam dragon (15 damage)
             ... with a ball of steam
             ... on level 5 of the Dungeon.
             The game lasted 00:24:54 (4776 turns).

DApurpleWHUMPUS the Magician (DEFE)                 Turns: 4776, Time: 00:24:55

Health: -10/39     AC:  9    Str:  5    XL:     7   Next: 20%
Magic:  6/17       EV: 13    Int: 24    God:
Gold:   154        SH:  0    Dex: 15    Spells: 8/17 levels left

rFire   . . .        j - +7 dagger of Ysouzog {flame, rElec rF+ Int+2 Stlth+}
rCold   . . .        (no shield)
rNeg    . . .        a - +0 robe
rPois   .            (no helmet)
rElec   +            C - +0 cloak
rCorr   .            x - +0 pair of gloves
SInv    .            n - +0 pair of boots
Will    +....        r - amulet of magic regeneration
Stlth   ++++         q - +4 ring of protection
HPRegen 0.26/turn    g - ring of willpower
MPRegen 0.55/turn

%: no passive effects
@: about to teleport
A: heat vulnerability 1
a: no special abilities


You were on level 5 of the Dungeon.
You visited 1 branch of the dungeon, and saw 5 of its levels.

You collected 154 gold pieces.

Inventory:

Hand Weapons
 c - a +0 dagger
 i - the +5 dagger of Ymiab Linkes {vamp, Contam rPois Str+2 Int+4}
   (You found it on level 2 of the Dungeon)

   Str+2:     It affects your strength (+2).
   Int+4:     It affects your intelligence (+4).
   rPois:     It protects you from poison Contam: It causes magical
   contamination when unequipped.
 j - the +7 dagger of Ysouzog (weapon) {flame, rElec rF+ Int+2 Stlth+}
   (You found it on level 2 of the Dungeon)

   Int+2:     It affects your intelligence (+2).
   rF+:       It protects you from fire.
   rElec:     It insulates you from electricity.
   Stlth+:    It makes you more stealthy.
 B - a +4 quarterstaff of chaos
Armour
 a - a +0 robe (worn)
 l - a +0 scale mail
 n - a +0 pair of boots (worn)
 s - a +0 leather armour
 x - a +0 pair of gloves (worn)
 C - a +0 cloak (worn)
Magical Staves
 f - a staff of earth
Jewellery
 g - a ring of willpower (right hand)
 q - a +4 ring of protection (left hand)
 r - an amulet of magic regeneration (around neck)
 z - a ring of resist corrosion
Scrolls
 e - 4 scrolls of fear
 h - 6 scrolls of identify
 k - 2 scrolls of teleportation
 o - a scroll of blinking {unknown}
 t - a scroll of immolation {unknown}
 w - a scroll of vulnerability {unknown}
 A - a scroll of poison
 D - a scroll of revelation
Potions
 b - a potion of magic
 d - a potion of degeneration {unknown}
 m - 2 potions of heal wounds {unknown}
 p - a potion of curing {unknown}
 u - 2 potions of resistance {unknown}
 v - a potion of haste {unknown}
 E - a potion of enlightenment {unknown}
 F - a potion of cancellation {unknown}


   Skills:
 + Level 1.6 Fighting
 + Level 1.8 Short Blades
 + Level 4.0 Dodging
 + Level 4.3 Stealth
 * Level 5.6 Spellcasting
 + Level 2.9 Conjurations
 * Level 5.2 Fire Magic


You had 8 spell levels left.
You knew the following spells:

 Your Spells              Type           Power      Damage    Failure   Level
a - Foxfire               Conj/Fire      100%       2x1d9     1%          1
b - Scorch                Fire           62%        2d7       1%          2
c - Inner Flame           Hex/Fire       19%        N/A       9%          3
d - Volatile Blastmotes   Fire/Tloc      38%        2d13      9%          3

Your spell library contained the following spells:

 Spells                   Type           Power      Damage    Failure   Level
 Slow                     Hex            24%        N/A       9%          1
 Ignite Poison            Fire/Tmut/Pois 15%        N/A       12%         3
 Flame Wave               Conj/Fire      26%        2d8       16%         4
 Sticky Flame             Conj/Fire      26%        2d5       16%         4
 Confusing Touch          Hex            6%         N/A       26%         3
 Sigil of Binding         Hex            6%         N/A       26%         3
 Vampiric Draining        Necr           6%         2d6       26%         3
 Ignition                 Fire           15%        3d6       100%        8


Dungeon Overview and Level Annotations

Branches:
Dungeon (5/15)
 Temple: D:4-7

Altars:
Dithmenos

Annotations:
D:3 3 runed translucent doors, timneilson's ghost, amateur OpSh
D:5 4 runed translucent doors


Innate Abilities, Weirdness & Mutations

You are vulnerable to heat. (rF-)


Message History

The black bear claws you but does no damage.
Casting: Scorch (safe; 1% risk of failure)
Confirm with . or Enter, or press ? or * to list all spells.
You conjure some foxfire!
The black bear misses you. The black bear barely misses you.
The black bear claws you but does no damage.
An orc comes into view. It is wielding a +0 whip.
Your foxfire dissipates!
The black bear attacks as it pursues you!
The black bear bites you.
The black bear claws you but does no damage.
The black bear barely misses you.
The foxfire hits the black bear!
The black bear is burned terribly!
The black bear is almost dead.
The black bear attacks as it pursues you!
The black bear bites you but does no damage.
The black bear claws you. The black bear closely misses you.
There is an open door here.
Casting: Foxfire (safe; 1% risk of failure)
Confirm with . or Enter, or press ? or * to list all spells.
Flames lash the black bear.
The black bear is burned terribly!
You kill the black bear!
Your Dodging skill increases to level 4!
Casting: Scorch (safe; 1% risk of failure)
Confirm with . or Enter, or press ? or * to list all spells.
A cloud of volatile blastmotes flares up around you!
The cloud of blastmotes explodes!
The concussive blast engulfs the steam dragon!
The steam dragon is moderately wounded.
The concussive blast engulfs you!!
* * * LOW HITPOINT WARNING * * *
You are knocked back by the blast.
You hear an angry hiss. x2
As you read the scroll of teleportation, it crumbles to dust.
You feel strangely unstable.
An iguana comes into view.
Found a bone wand.
The steam dragon breathes steam at you. The ball of steam hits you!
You die...

... #.# #.# /. #$# #..#
##.##### ##...#..#...
....l...#.##########.##.
######@..#.............
#or.D##§.....##.###....
##.#D.#.#.##.# ..
#..#r.....)†.#
#§#.'.##++##..#
#######8Yo8##.#
#8....8#.# #)....?#.##
#)....[#..###...


You could see a yak, a steam dragon (catching breath), an iguana, an orc wizard
and a quokka.

Vanquished Creatures
  Sigmund (D:4)
  A black bear (D:5)
  A scorpion (D:4)
  Crazy Yiuf (D:3)
  An iguana (D:5)
  2 orc wizards (D:5)
  4 gnolls (D:4)
  4 adders
  A shadow imp (D:5)
  2 worms (D:2)
  5 dart slugs
  5 orcs
  7 ball pythons
  8 endoplasms
  2 giant cockroaches
  13 goblins
  7 hobgoblins
  7 jackals
  A quokka (D:2)
  7 bats
  4 frilled lizards
  5 kobolds
  8 rats
97 creatures vanquished.

Vanquished Creatures (collateral kills)
  A foxfire (D:3)
1 creature vanquished.

Vanquished Creatures (others)
  164 foxfires
164 creatures vanquished.

Grand Total: 262 creatures vanquished

Notes
Turn   | Place    | Note
-------+----------+-------------------------------------------
     0 | D:1      | DApurpleWHUMPUS the Deep Elf Fire Elementalist began the
                  | quest for the Orb.
     0 | D:1      | Reached XP level 1. HP: 10/10 MP: 6/6
   319 | D:1      | Reached XP level 2. HP: 15/15 MP: 5/8
   816 | D:1      | Reached XP level 3. HP: 17/19 MP: 6/9
  1302 | D:2      | Identified the +5 dagger of Ymiab Linkes {vamp, Contam
                  | rPois Str+2 Int+4}
  1511 | D:2      | Identified the +7 dagger of Ysouzog {flame, rElec rF+ Int+2
                  | Stlth+}
  1530 | D:2      | Gained mutation: You are vulnerable to heat. (rF-)
                  | [mutagenic glow]
  1754 | D:2      | Learned a level 2 spell: Scorch
  1758 | D:2      | Learned a level 3 spell: Inner Flame
  1762 | D:2      | Learned a level 3 spell: Volatile Blastmotes
  2100 | D:2      | Reached XP level 4. HP: 24/24 MP: 11/11
  3105 | D:3      | Noticed a kobold brigand
  3105 | D:3      | Noticed timneilson's ghost (amateur OpSh)
  3108 | D:3      | Found a runed translucent gate.
  3108 | D:3      | Found a runed translucent gate.
  3108 | D:3      | Found a runed translucent gate.
  3169 | D:3      | Found a runed translucent door.
  3170 | D:3      | Noticed Crazy Yiuf
  3560 | D:3      | Killed Crazy Yiuf
  3802 | D:4      | Found a shadowy altar of Dithmenos.
  3834 | D:4      | Reached XP level 5. HP: 28/28 MP: 13/13
  4088 | D:4      | Noticed Sigmund
  4098 | D:4      | Killed Sigmund
  4099 | D:4      | Reached skill level 1 in Fighting
  4099 | D:4      | Reached skill level 1 in Short Blades
  4099 | D:4      | Reached XP level 6. HP: 34/34 MP: 4/15
  4191 | D:4      | Reached skill level 5 in Spellcasting
  4646 | D:5      | Entered Level 5 of the Dungeon
  4663 | D:5      | Reached skill level 5 in Fire Magic
  4696 | D:5      | Found a large runed translucent door.
  4697 | D:5      | Found a large runed translucent door.
  4697 | D:5      | Noticed a yak
  4705 | D:5      | Found a large runed translucent door.
  4705 | D:5      | Found a large runed translucent door.
  4765 | D:5      | Reached XP level 7. HP: 30/38 MP: 12/17
  4765 | D:5      | Noticed a steam dragon
  4776 | D:5      | Killed from afar by a steam dragon

Illustrated notes

Levels and vault maps discovered:
D:1:      dpeg_arrival_water_temple_mockup, layout_basic
D:2:      kb_forest_paths, layout_loops_corners
D:3:      layout_loops_ring, serial_forest, infiniplex_forest_corner_1,
          infiniplex_forest_clump_small, infiniplex_forest_clump_medium,
          infiniplex_forest_lined_room_2, infiniplex_forest_clump_cross,
          infiniplex_forest_lined_3, gammafunk_ghost_nasty_kobolds,
          minmay_misc_feat_nine_boxes, uniq_crazy_yiuf_cottage
D:4:      layout_basic, lemuel_coloured_pillars_altar, minivault_24,
          uniq_sigmund
D:5:      layout_basic, kiku_gazebo_garden_becter,
          mainiacjoe_overflow_boulevard,
          mainiacjoe_sewer_entry_somewhere_in_here_1,
          minmay_hollow_rounded_squares

Skill      XL: |  1  2  3  4  5  6  7 |
---------------+----------------------+-----
Stealth        | 3 4 |  4.3
Dodging        | 3 4 |  4.0
Fire Magic     | 4 5 |  5.2
Conjurations   | 2 |  2.9
Spellcasting   | 4 5 |  5.6
Fighting       | 1 |  1.6
Short Blades   | 1 |  1.8

Action                     |  1- 3 |  4- 6 |  7- 9 || total
---------------------------+-------+-------+-------++-------
  Melee: Unarmed           |     2 |       |       ||     2
         Dagger            |    36 |    37 |       ||    73
   Cast: Foxfire           |    68 |    56 |     1 ||   125
         Volatile Blastmot |     2 |     4 |     1 ||     7
         Scorch            |       |    20 |     4 ||    24
    Use: Scroll            |       |     6 |     1 ||     7
   Stab: Sleeping          |     5 |     2 |       ||     7
 Armour: Robe              |    24 |    32 |    10 ||    66
  Dodge: Dodged            |    43 |    40 |     4 ||    87

Table legend: (Time is in decaauts)
 A = Elapsed time spent in this place.
 B = Non-inter-level travel time spent in this place.
 C = Inter-level travel time spent in this place.
 D = Time resting spent in this place.
 E = Time spent auto-exploring this place.
 F = Levels seen in this place.
 G = Mean time per level.
                   A        B        C        D        E       F      G
               +--------+--------+--------+--------+--------+-----+--------+
         Total |   4771 |   4343 |    428 |    483 |   2860 |   5 |  954.2 |
       Dungeon |   4771 |   4343 |    428 |    483 |   2860 |   5 |  954.2 |
               +--------+--------+--------+--------+--------+-----+--------+

Top non-repeatable levels by time:
     D:2: 1415 daAuts
     D:1: 1299 daAuts
     D:3: 1004 daAuts
     D:4: 922 daAuts
     D:5: 128 daAuts
